 Dungeon Crawl Stone Soup version 0.29-a0-219-g0a02b1cf4f (webtiles) character file.

Game seed: 2449437563359134424

25 shoop the Shooter (level 2, 0/17 HPs)
             Began as a Deep Elf Hunter on Feb 26, 2022.
             Slain by a hobgoblin (4 damage)
             ... led by Robin
             ... on level 1 of the Dungeon.
             The game lasted 00:01:29 (635 turns).

shoop the Shooter (Deep Elf Hunter)                  Turns: 635, Time: 00:01:31

Health: 0/17       AC:  3    Str:  9    XL:     2   Next: 82%
Magic:  4/4        EV: 12    Int: 15    God:
Gold:   44         SH:  0    Dex: 15    Spells: 1/1 levels left

rFire   . . .      SeeInvis .   a - +1 shortbow
rCold   . . .      Faith    .   (shield currently unavailable)
rNeg    . . .      Spirit   .   b - +0 leather armour
rPois   .          Reflect  .   (no helmet)
rElec   .          Harm     .   (no cloak)
rCorr   .          Rampage  .   (no gloves)
Will    .....                   (no boots)
Stlth   ++........              (no amulet)
HPRegen 0.05/turn               (no ring)
MPRegen 0.09/turn               (no ring)

@: no status effects
A: no striking features
a: no special abilities


You were on level 1 of the Dungeon.
You visited 1 branch of the dungeon, and saw 2 of its levels.

You collected 44 gold pieces.

Inventory:

Hand Weapons
 a - a +1 shortbow (weapon)
Armour
 b - a +0 leather armour (worn)
Jewellery
 h - an amulet of faith
Scrolls
 e - a scroll of blinking {unknown}
 g - a scroll of enchant armour {unknown}
 i - a scroll of immolation {unknown}
Potions
 c - a potion of lignification {unknown}
 d - 2 potions of curing {unknown}
 f - a potion of mutation {unknown}


   Skills:
 + Level 1.8 Fighting
 - Level 5.3 Bows
 - Level 3.0 Dodging
 - Level 3.0 Stealth


You had one spell level left.
You didn't know any spells.
Your spell library was empty.

Dungeon Overview and Level Annotations

Branches:
Dungeon (2/15)

Altars:

Annotations:
D:1 1 runed translucent door, Robin


Message History

You hear a shout!
The goblin shouts! x2; Robin shouts!
The hobgoblin shouts!
Found a scroll labelled MOUXKA PUEDA.
There is a stone staircase leading up here.
There are monsters nearby!
The hobgoblin shouts!
The goblin closely misses you. Robin completely misses you.
The hobgoblin hits you.
You climb upwards.
Level annotation: 1 runed translucent door
There is a stone staircase leading down here.
The goblin hits you but does no damage. The goblin closely misses you.
Robin roars a battlecry!
The goblins go into a battle-frenzy!
The goblin hits you with a +0 dagger. Robin throws the goblin at you!
The goblin misses you. The goblin hits you but does no damage.
You shoot an arrow. The arrow hits the goblin!
You kill the goblin!
You shoot an arrow. The arrow misses the goblin.
The arrow hits the hobgoblin.
The hobgoblin is heavily wounded.
The goblin hits you with a +0 dagger.
You shoot an arrow.
The arrow hits the goblin but does no damage.
Robin throws the goblin at you! The goblin hits you with a +0 dagger.
You are too injured to fight recklessly!
Shoot: a) +1 shortbow
Press: ? - help, Shift-Dir - straight line, f/p - goblin
Aim: a goblin, wielding a +0 dagger (strong, 55% to hit)
You shoot an arrow. The arrow closely misses the goblin.
The goblin no longer looks unusually strong.
The goblin misses you. The hobgoblin hits you.
* * * LOW HITPOINT WARNING * * *
The goblin misses you. The hobgoblin misses you.
Shoot: a) +1 shortbow
Press: ? - help, Shift-Dir - straight line, f/p - goblin
Aim: a goblin, wielding a +0 dagger (55% to hit)
You shoot an arrow. The arrow hits the goblin.
The goblin is moderately wounded.
The goblin misses you. The hobgoblin hits you.
You die...

#............####.....####.
#.....####.######.#.....†..
#.....# #.....##........†.
#.....# #.....####........
#.########.....# #........
#####.## #...##....####......##
##...#..###...##.........#......
##.........#...#####......##.#...
#..#..#..#....gg@g...........#...
#.###...###....##########....#...
#..#.....#..##...####...#.#.##...
##...#.>.........................
##.##......##............#.##...
##...(......##........#####.##...
#..#.....#............#####.#####
#.###...###.#########.......# #
#..#..#..#..# ##.###### #


You could see Robin, a hobgoblin (strong) and a goblin.

Vanquished Creatures
  A dart slug (D:1)
  2 endoplasms (D:1)
  2 giant cockroaches (D:1)
  3 goblins (D:1)
  2 hobgoblins (D:1)
  2 quokkas (D:1)
  3 frilled lizards (D:1)
  3 kobolds (D:1)
  2 rats (D:1)
20 creatures vanquished.

Notes
Turn   | Place    | Note
-------+----------+-------------------------------------------
     0 | D:1      | shoop the Deep Elf Hunter began the quest for the Orb.
     0 | D:1      | Reached XP level 1. HP: 12/12 MP: 3/3
     1 | D:1      | Found a runed translucent door.
   123 | D:1      | Reached XP level 2. HP: 16/16 MP: 4/4
   330 | D:1      | Found a faded altar of an unknown god.
   619 | D:2      | Noticed Robin
   635 | D:1      | Slain by a hobgoblin

Illustrated notes

Levels and vault maps discovered:
D:1:      dpeg_arrival_caged_fury, layout_basic,
          shapermc_ecumenical_altar_mp_highgroup, minivault_14,
          minmay_strange_pillars, minmay_tromino_v2
D:2:      layout_rooms, minmay_surrounded, uniq_robin, uniq_crazy_yiuf_cottage,
          uniq_terence

Skill      XL: |  1  2 |
---------------+-------+-----
Stealth        | 2 3 |  3.0
Dodging        | 3 |  3.0
Fighting       | |  1.8
Bows           | |  5.3

Action                   || total
-------------------------++-------
 Fire: Shortbow          ||    39
Armor: Leather armour    ||     4
Dodge: Dodged            ||    10

Table legend: (Time is in decaauts)
 A = Elapsed time spent in this place.
 B = Non-inter-level travel time spent in this place.
 C = Inter-level travel time spent in this place.
 D = Time resting spent in this place.
 E = Time spent auto-exploring this place.
 F = Levels seen in this place.
 G = Mean time per level.
                   A        B        C        D        E       F      G
               +--------+--------+--------+--------+--------+-----+--------+
         Total |    646 |    629 |     17 |      0 |    527 |   2 |  323.0 |
       Dungeon |    646 |    629 |     17 |      0 |    527 |   2 |  323.0 |
               +--------+--------+--------+--------+--------+-----+--------+

Top non-repeatable levels by time:
     D:1: 644 daAuts
     D:2: 1 daAuts
